 Dungeon Crawl Stone Soup version 0.24.0-13-gcf9b3192b9 (webtiles) character file.

Game seed: 3958252345801504471, levelgen mode: deterministic

700 Arixos the Magician (level 7, -7/35 HPs)
             Began as a Vine Stalker Venom Mage on Nov 9, 2019.
             Engulfed by a cloud of flame (17 damage)
             ... on level 5 of the Dungeon.
             The game lasted 00:22:28 (4606 turns).

Arixos the Magician (Vine Stalker Venom Mage)       Turns: 4606, Time: 00:22:29

Health: -7/35      AC:  3    Str: 10    XL:     7   Next: 65%
Magic:  0/15       EV: 11    Int: 17    God:
Gold:   187        SH:  0    Dex: 15    Spells: 5/15 levels left

rFire    . . .     SeeInvis .   o - +1 trident (venom)
rCold    . . .     Gourm    .   (no shield)
rNeg     . . .     Faith    .   m - +0 leather armour
rPois    .         Spirit   +   (no helmet)
rElec    .         Reflect  .   (no cloak)
rCorr    .         Harm     .   (no gloves)
MR       .....                  (no boots)
Stlth    +.........             h - amulet of regeneration
HPRegen  0.91/turn              r - ring of attention
MPRegen  0.14/turn              (no ring)

@: no status effects
A: fangs 2, regeneration 1, magic shield, antimagic bite, no potion heal 3, rot
immunity
a: no special abilities


You were on level 5 of the Dungeon.
You were not hungry.

You visited 1 branch of the dungeon, and saw 5 of its levels.

You collected 187 gold pieces.

Inventory:

Hand Weapons
 o - a +1 trident of venom (weapon)
 u - a -3 trident
Armour
 m - a +0 leather armour (worn)
 p - +0 pearl dragon scales
Jewellery
 h - an amulet of regeneration (around neck)
 r - a ring of attention (left hand)
Wands
 q - a wand of random effects (42)
Scrolls
 b - 4 scrolls of teleportation
 g - 7 scrolls of identify
Potions
 d - a potion of haste {unknown}
 e - a potion of brilliance {unknown}
 i - 3 potions of curing
 l - 2 potions of cancellation {unknown}
Comestibles
 c - 8 rations
 s - 8 chunks of flesh


   Skills:
 + Level 2.5 Fighting
 + Level 2.0 Polearms
 - Level 1.5 Dodging
 - Level 2.4 Stealth
 * Level 4.7 Spellcasting
 + Level 3.2 Conjurations
 + Level 2.7 Air Magic
 + Level 4.4 Poison Magic


You had 5 spell levels left.
You knew the following spells:

 Your Spells              Type           Power        Failure   Level  Hunger
a - Poisonous Vapours     Pois/Air       ###...       7%          2    #......
c - Mephitic Cloud        Conj/Pois/Air  ###.....     14%         3    ###....
A - Venom Bolt            Conj/Pois      ###.......   75%         5    ######.

Your spell library contained the following spells:

 Spells                   Type           Power        Failure   Level  Hunger
 Sting                    Conj/Pois      ###.         4%          1    None
 Olgreb's Toxic Radiance  Pois           ###.....     30%         4    ####...


Dungeon Overview and Level Annotations

Branches:
Dungeon (5/15)
 Temple: D:4-7

Altars:
Cheibriados
Dithmenos
Trog
Zin


Innate Abilities, Weirdness & Mutations

You have extremely sharp teeth.
Your natural rate of healing is unusually fast.
When hurt, damage is shared between your health and your magic reserves.
Your bite disrupts and absorbs the magic of your enemies.
Potions cannot restore your health.
You are immune to rotting.


Message History

Okay, then.
Casting: Poisonous Vapours (safe; 7% risk of failure)
Confirm with . or Enter, or press ? or * to list all spells.
Okay, then.
As you read the scroll labeled WIWEUGHU ODWAKK, it crumbles to dust.
You hear roaring flames.
It was a scroll of random uselessness.
As you read the scroll labeled TAEPNI RAOTHRIWU, it crumbles to dust.
You feel as if something is helping you.
It was a scroll of remove curse.
The leopard gecko skeleton bites you.
Your +1 trident of venom begins to drip with poison!
o - a +1 trident of venom (weapon)
The leopard gecko skeleton bites you but does no damage.
You hit the leopard gecko skeleton. You bite the leopard gecko skeleton.
The leopard gecko skeleton explodes!
The fiery explosion engulfs you!!
Ouch! That really hurt!
* * * LOW HITPOINT WARNING * * *
You are engulfed in blazing flames.
You die...

##..,..#......,,,,*,,
##...,..#......,,,,,,,
##....##........,,,**,,
#...............,*,,,,,
#.<.............**,,,,,
##...##...(......,*,,,,,
*****#...?.§.§........,...,,,
***,,,**#..#.§§§÷..#,,,,...#**,
**,,,,,**#....§@.÷..###,....,**,
*,,,,,,,##..........#.##..#*,,,,
**,,,,,,#..............#.#***,,,
##...,........#...........# **,,,
#...<**.......##.........#***,,,,
.....###.............#...##.#.,,,
......##...........###........,,,
.......##.###.......##..####..,,,
*#..#.###..###..........#**,,**,,


There were no monsters in sight!

Vanquished Creatures
  Eustachio (D:4)
  Edmund (D:3)
  2 howler monkeys (D:4)
  3 hounds
  Terence (D:2)
  A centaur skeleton (D:4)
  Ijyb (D:4)
  A worker ant (D:4)
  Robin (D:3)
  2 adders (D:3)
  3 gnolls (D:2)
  An ooze (D:2)
  3 worms
  3 dart slugs
  3 leopard geckos
  5 orcs
  14 bats
  A giant cockroach (D:2)
  13 goblins
  4 hobgoblins
  13 jackals
  A quokka (D:2)
  A ball python (D:2)
  4 frilled lizards
  9 kobolds
  A leopard gecko skeleton (D:5)
  9 rats
102 creatures vanquished.

Notes
Turn   | Place    | Note
-------+----------+-------------------------------------------
     0 | D:1      | Arixos the Vine Stalker Venom Mage began the quest for the
                  | Orb.
     0 | D:1      | Reached XP level 1. HP: 9/9 MP: 4/4
   225 | D:1      | Reached XP level 2. HP: 13/13 MP: 3/6
   256 | D:1      | Learned a level 2 spell: Poisonous Vapours
  1140 | D:2      | Reached XP level 3. HP: 16/16 MP: 0/8
  1938 | D:2      | Learned a level 3 spell: Mephitic Cloud
  1978 | D:2      | Gained mutation: Your natural rate of healing is unusually
                  | fast. [Vine Stalker growth]
  1978 | D:2      | Reached XP level 4. HP: 21/21 MP: 2/9
  1986 | D:2      | Reached skill level 1 in Air Magic
  2071 | D:2      | Noticed Terence
  2080 | D:2      | Killed Terence
  2080 | D:2      | Reached skill level 1 in Fighting
  2604 | D:3      | Reached XP level 5. HP: 25/25 MP: 10/10
  2672 | D:3      | HP: 1/25 [jackal (1)]
  2852 | D:3      | Found a shadowy altar of Dithmenos.
  2852 | D:3      | Found a snail-covered altar of Cheibriados.
  2899 | D:3      | Noticed Robin
  2912 | D:3      | Killed Robin
  3267 | D:3      | Reached skill level 1 in Polearms
  3340 | D:3      | Found a bloodstained altar of Trog.
  3407 | D:3      | Found a glowing silver altar of Zin.
  3492 | D:4      | Reached XP level 6. HP: 24/30 MP: 8/12
  3512 | D:4      | Noticed Edmund
  3515 | D:4      | Noticed Eustachio
  3659 | D:3      | Killed Edmund
  3769 | D:4      | Killed Eustachio
  3769 | D:4      | Reached XP level 7. HP: 35/35 MP: 4/14
  3869 | D:4      | Learned a level 5 spell: Venom Bolt
  4294 | D:4      | Noticed Ijyb
  4324 | D:4      | Killed Ijyb
  4502 | D:5      | Entered Level 5 of the Dungeon
  4606 | D:5      | Engulfed by a cloud of flame

Levels and vault maps discovered:
D:1:      dpeg_arrival_stone_temple_mockup, layout_basic,
          chequers_serial_rivers_large_a, bh_walls_and_bars
D:2:      layout_basic, uniq_terence
D:3:      layout_basic, zin_treasury, lemuel_crystal_altar,
          chequers_temple_overflow_statue_of_worship, first_ration, uniq_robin
D:4:      layout_basic, uniq_eustachio, uniq_edmund, uniq_ijyb
D:5:      layout_cave_pools, serial_shops, shop, minmay_diced_spiral

Skill      XL: |  1  2  3  4  5  6  7 |
---------------+----------------------+-----
Spellcasting   | 3 4 |  4.7
Conjurations   | 2 3 |  3.2
Air Magic      | 1 2 |  2.7
Fighting       | 1 2 |  2.5
Polearms       | 1 2 |  2.0
Poison Magic   | 4 |  4.4
Dodging        | |  1.5
Stealth        | |  2.4

Action                   |  1- 3 |  4- 6 |  7- 9 || total
-------------------------+-------+-------+-------++-------
Melee: Dagger            |    20 |       |       ||    20
       Bite              |     8 |    14 |    17 ||    39
       Short sword       |    19 |     2 |       ||    21
       Trident           |       |    88 |    49 ||   137
       Spear             |       |     1 |       ||     1
 Cast: Sting             |     8 |       |     1 ||     9
       Poisonous Vapours |    35 |    35 |    13 ||    83
       Mephitic Cloud    |       |       |     1 ||     1
  Use: Potion            |       |     2 |       ||     2
       Scroll            |       |       |     7 ||     7
 Stab: Sleeping          |     2 |     7 |       ||     9
  Eat: Chunk             |     6 |     8 |     3 ||    17
Armor: Robe              |     9 |     3 |       ||    12
       Leather armour    |       |    11 |     7 ||    18
Dodge: Dodged            |    35 |    81 |    19 ||   135
